 Dungeon Crawl Stone Soup version 0.29-a0-690-g32ab5fea29 (webtiles) character file.

Game seed: 5622724847920522652

61 KristoblXynda the Slasher (level 3, -2/31 HPs)
             Began as a Draconian Gladiator on June 25, 2022.
             Slain by a gnoll
             ... wielding a +0 whip
              (4 damage)
             ... on level 2 of the Dungeon.
             The game lasted 00:01:08 (1739 turns).

KristoblXynda the Slasher (Draconian Gladiator)     Turns: 1739, Time: 00:01:08

Health: -2/31      AC:  5    Str: 16    XL:     3   Next: 83%
Magic:  3/3        EV: 13    Int:  8    God:
Gold:   46         SH:  0    Dex: 14    Spells: 2/2 levels left

rFire   . . .      SeeInvis .   a - +0 long sword
rCold   . . .      Faith    .   (no shield)
rNeg    . . .      Spirit   .   (body armour unavailable)
rPois   .          Reflect  .   b - +0 hat
rElec   .          Harm     .   (no cloak)
rCorr   .          Rampage  .   (no gloves)
Will    .....                   (no boots)
Stlth   +.........              (no amulet)
HPRegen 0.10/turn               (no ring)
MPRegen 0.08/turn               (no ring)

@: no status effects
A: AC +5, unfitting armour, cold-blooded
a: no special abilities


You were on level 2 of the Dungeon.
You visited 1 branch of the dungeon, and saw 2 of its levels.

You collected 46 gold pieces.

Inventory:

Hand Weapons
 a - a +0 long sword (weapon)
Missiles
 c - 3 throwing nets (quivered)
 d - a javelin
Armour
 b - a +0 hat (worn)
Scrolls
 j - a scroll of teleportation {unknown}
Potions
 e - 2 potions of mutation {unknown}
 f - a potion of ambrosia {unknown}
 g - 2 potions of curing {unknown}
 h - a potion of might {unknown}
 i - a potion of heal wounds {unknown}


   Skills:
 + Level 3.0 Fighting
 * Level 3.8 Long Blades
 - Level 2.0 Throwing
 + Level 3.1 Dodging


You had 2 spell levels left.
You didn't know any spells.
Your spell library was empty.

Dungeon Overview and Level Annotations

Branches:
Dungeon (2/15)

Altars:


Innate Abilities, Weirdness & Mutations

Your plain brown scales are hard. (AC +5)
You cannot fit into any form of body armour.
You are cold-blooded and may be slowed by cold attacks.


Message History

The gnoll shouts!
You hear a shout! x3
A gnoll comes into view. It is wielding a +0 flail.
A gnoll comes into view. It is wielding a +0 whip.
The gnoll shouts!
You hear a shout!
A kobold comes into view.
It is wielding a +1 vampiric short sword.
You slash the gnoll!
The gnoll is severely wounded.
The gnoll closely misses you.
You hit the gnoll.
The gnoll is severely wounded.
A kobold comes into view. It is wielding a +0 short sword.
A hobgoblin comes into view.
You barely miss the gnoll.
The gnoll is severely wounded.
A ball python comes into view.
The gnoll closely misses you. The gnoll hits you with a +0 flail!
You closely miss the gnoll.
The gnoll is severely wounded.
The gnoll closely misses you. The gnoll hits you with a +0 flail.
The gnoll hits you but does no damage. The gnoll completely misses you.
The gnoll misses you. The gnoll barely misses you.
The ball python hisses angrily.
You slash the gnoll!
You kill the gnoll!
The gnoll closely misses you. x2
Your Fighting skill increases to level 3!
You slash the gnoll!
The gnoll is severely wounded.
The gnoll hits you with a +0 flail! The gnoll barely misses you.
You are too injured to fight recklessly!
You are too injured to fight recklessly!
You are too injured to fight recklessly!
You are too injured to fight recklessly!
You are too injured to fight recklessly!
Unknown command.
The gnoll attacks as you move away! The gnoll closely misses you.
The gnoll attacks as you move away! The gnoll hits you with a +0 whip!
* * * LOW HITPOINT WARNING * * *
The gnoll hits you with a +0 whip.
You die...

...# ### #......
########.####.#####.##...
#........................
#.######.####.######.....
#.# #.# #..... #.# #.#
###... #.# #.# #... #.#
#.# ##.. ##@####.# #..
#.gg.##.# #.. ##.K)S..#
#.. ###.#..# ##.. K# .#
#... .. # #.## g.. #. #
.... #. # ....# #. #


You could see 2 gnolls, a ball python and 2 kobolds.

Vanquished Creatures
  A gnoll (D:2)
  A worm (D:2)
  5 ball pythons
  2 endoplasms (D:1)
  3 giant cockroaches
  3 hobgoblins (D:1)
  14 jackals (D:1)
  A quokka (D:1)
  2 bats (D:1)
  2 frilled lizards
  3 goblins (D:1)
  2 kobolds (D:1)
  2 rats (D:1)
41 creatures vanquished.

Notes
Turn   | Place    | Note
-------+----------+-------------------------------------------
     0 | D:1      | KristoblXynda the Draconian Gladiator began the quest for
                  | the Orb.
     0 | D:1      | Reached XP level 1. HP: 17/17 MP: 1/1
   313 | D:1      | Reached XP level 2. HP: 16/25 MP: 2/2
   987 | D:1      | Reached XP level 3. HP: 23/30 MP: 3/3
  1739 | D:2      | Slain by a gnoll

Illustrated notes

Levels and vault maps discovered:
D:1:      giann_forest_graveyard, layout_basic
D:2:      layout_loops_ring, basic_altar, minmay_misc_feat_encased

Skill      XL: |  1  2  3 |
---------------+----------+-----
Throwing       | 2 |  2.0
Dodging        | 3 |  3.1
Fighting       | 3 |  3.0
Long Blades    | |  3.8

Action                   || total
-------------------------++-------
Melee: Long sword        ||   128
       Tailslap          ||    12
 Stab: Sleeping          ||     1
Armor: Skin              ||    48
Dodge: Dodged            ||   119

Table legend: (Time is in decaauts)
 A = Elapsed time spent in this place.
 B = Non-inter-level travel time spent in this place.
 C = Inter-level travel time spent in this place.
 D = Time resting spent in this place.
 E = Time spent auto-exploring this place.
 F = Levels seen in this place.
 G = Mean time per level.
                   A        B        C        D        E       F      G
               +--------+--------+--------+--------+--------+-----+--------+
         Total |   1768 |   1739 |     29 |     95 |   1352 |   2 |  884.0 |
       Dungeon |   1768 |   1739 |     29 |     95 |   1352 |   2 |  884.0 |
               +--------+--------+--------+--------+--------+-----+--------+

Top non-repeatable levels by time:
     D:1: 1542 daAuts
     D:2: 226 daAuts
